Map: Lerilak Crest

Players

VanHelsing - Winner!

  • Race: Terran Terran
  • League: Diamond

LilDicky

  • Race: Terran Terran
  • League: Diamond

VOD

http://www.twitch.tv/tumescentpie

Description

Time

  • Played on: Nov. 27, 2015, 10:44 a.m.
  • Length: 5:21
Show
View Real Time Build Order
Export as new Build Order

VanHelsing Terran - Winner!

Build Orders: Reaper Expand, Banshee Rush 

Get SALT Encoding   

  12  0:01  SCV  
  13  0:13  SCV  
  14  0:18  Supply Depot  
  14  0:25  SCV  
  15  0:34  Refinery  
  15  0:40  SCV  
  16  0:45  Barracks  
  16  0:57  SCV  
  17  1:10  SCV  
  18  1:30  Command Center  
  18  1:40  Reaper  
  18  1:41  SCV  
  20  1:54  Factory  
  20  1:59  Orbital Command  
  20  2:16  Marine  
  21  2:24  SCV  
  22  2:37  Marine  
  22  2:40  Starport  
  22  2:42  Hellion, Orbital Command  
  25  2:44  SCV  
  26  3:01  Marine  
  26  3:02  SCV  
  26  3:04  Refinery  
  28  3:10  Hellion  
  29  3:17  SCV x2  
  31  3:25  Marine, Starport Tech Lab  
  32  3:29  SCV  
  33  3:34  SCV  
  33  3:38  Supply Depot  
  36  3:41  SCV, Hellion  
  36  3:48  SCV  
  36  3:49  Cloaking Field  
  36  3:53  SCV  
  36  3:55  Supply Depot  
  37  3:59  Banshee  
  37  4:00  SCV  
  41  4:04  Barracks Tech Lab  
  41  4:13  SCV x2, Supply Depot  
  43  4:19  Factory Reactor  
  43  4:25  SCV, Barracks  
  43  4:28  Engineering Bay  
  43  4:30  SCV  
  45  4:35  Supply Depot  
  45  4:39  Barracks, Marine  
  44  4:57  SCV x2  
  43  5:09  SCV  
  42  5:21  Barracks Reactor  
Show
View Real Time Build Order
Export as new Build Order

LilDicky Terran 

Build Orders:  

Get SALT Encoding   

  12  0:01  SCV  
  13  0:13  SCV  
  14  0:18  Supply Depot  
  14  0:25  SCV  
  15  0:36  Refinery  
  15  0:39  SCV  
  16  0:45  Barracks  
  16  0:52  SCV  
  17  1:04  SCV  
  18  1:16  SCV  
  19  1:24  Barracks  
  19  1:25  Barracks  
  19  1:29  SCV  
  20  1:35  Reaper  
  21  1:42  Refinery  
  21  1:50  Orbital Command  
  22  2:08  Reaper  
  22  2:11  Reaper  
  22  2:12  Supply Depot  
  23  2:26  SCV, Reaper  
  25  2:40  SCV, Reaper  
  25  2:43  Reaper  
  28  2:44  Supply Depot  
  27  3:09  SCV  
  27  3:24  SCV  
  28  3:29  Command Center  
  28  3:30  Marine  
  28  3:32  Factory  
  28  3:38  SCV  
  28  3:53  SCV  
  28  3:55  Marine x3  
  32  4:13  Marine  
  33  4:17  SCV  
  33  4:18  Factory Tech Lab  
  33  4:19  Marine x2  
  33  4:20  Starport  
  36  4:29  SCV  
  36  4:30  Marine  
  38  4:37  Marine x2  
  40  4:41  SCV  
  36  4:53  SCV  
  36  4:56  Orbital Command  
Tags
 
Add a new tag
Caveats
  • Supply blocks, unpowered buildings, or Contaminate may cause inaccurate times.
  • Supply counts are checked every 10 seconds.